 Dungeon Crawl Stone Soup version 0.30.0-20-g3b4254fcbd (webtiles) character file.

Game seed: 12916523689014142106

105 NateTC the Chopper (level 4, 0/40 HPs)
             Began as a Hill Orc Fighter on June 3, 2023.
             Was a Follower of Beogh.
             Slain by an orc
             ... wielding a +0 trident
              (3 damage)
             ... on level 3 of the Dungeon.
             The game lasted 00:08:59 (2142 turns).

NateTC the Chopper (Hill Orc Fighter)               Turns: 2142, Time: 00:09:00

Health: 0/40       AC:  9    Str: 26    XL:     4   Next: 83%
Magic:  5/5        EV:  9    Int:  8    God:    Beogh [*.....]
Gold:   111        SH:  9    Dex: 10    Spells: 3/3 levels left

rFire   . . .        a - +1 war axe
rCold   . . .        c - +0 buckler
rNeg    . . .        p - +3 scale mail
rPois   .            (no helmet)
rElec   .            (no cloak)
rCorr   .            (no gloves)
SInv    .            (no boots)
Will    .....        n - amulet of reflection Stlth
                     g - +6 ring of strength
HPRegen 0.26/turn    (no ring)
MPRegen 0.09/turn

%: reflection
@: silenced
A: no striking features
a: Renounce Religion


You were on level 3 of the Dungeon.
You worshipped Beogh.
Beogh was aware of your devotion.
You visited 1 branch of the dungeon, and saw 3 of its levels.

You collected 111 gold pieces.

Inventory:

Hand Weapons
 a - a +1 war axe (weapon)
Armour
 c - a +0 buckler (worn)
 p - a +3 scale mail (worn)
Jewellery
 g - a +6 ring of strength (left hand)
 n - an amulet of reflection (around neck)
Scrolls
 b - a scroll of vulnerability {unknown}
 i - a scroll of immolation {unknown}
 l - a scroll of teleportation {unknown}
 m - a scroll of enchant armour {unknown}
Potions
 d - 2 potions of might
 f - a potion of heal wounds {unknown}
 j - a potion of flight {unknown}
 k - a potion of mutation {unknown}
 o - a potion of resistance {unknown}


   Skills:
 - Level 4.3 Fighting
 * Level 5.5 Axes
 - Level 3.2 Armour
 - Level 3.2 Shields
 + Level 1.6 Invocations


You had 3 spell levels left.
You didn't know any spells.
Your spell library contained the following spells:

 Spells                   Type           Power      Damage    Failure   Level
 Ozocubu's Armour         Ice            0%         N/A       98%         3
 Vhi's Electric Charge    Tloc/Air       0%         N/A       98%         3
 Arcjolt                  Conj/Air       0%         1d10      100%        5
 Ozocubu's Refrigeration  Ice            0%         4d7       100%        7
 Maxwell's Capacitive Co  Air            0%         ∞         100%        8


Dungeon Overview and Level Annotations

Branches:
Dungeon (3/15) Zot: 15764

Altars:
Beogh

Shops:
D:2 :


Message History

Beogh accepts your kill.
Things that are here:
a +0 dagger; 3 poisoned darts; a kobold corpse You now have 111 gold pieces (gained 18).
Items here: ( ) [ †.
You pick up Maxwell's Memoranda and begin reading...
You add the spells Vhi's Electric Charge, Arcjolt and Maxwell's Capacitive Coupling to your library.
Items here: ( ) [ †.
There is a stone staircase leading up here.
An orc comes into view. It is wielding a +0 mace.
The orc shouts!
An orc comes into view. It is wielding a +0 short sword.
The orc shouts!
You hear an angry hiss.
You barely miss the orc.
An orc comes into view. It is wielding a +0 trident.
An orc priest comes into view. It is wielding a +0 trident.
An orc comes into view. It is wielding a +0 trident.
The orc priest shouts!
The orc shouts! x2
The orc hits you but does no damage.
The orc priest invokes the aid of Beogh against you.
Beogh smites you! The orc hits you with a +0 short sword.
The orc hits you but does no damage.
The orc priest mumbles some strange prayers to Beogh against you.
Beogh smites you!
The orc hits you from afar with a +0 trident.
* * * LOW HITPOINT WARNING * * *
The orc priest hits you from afar with a +0 trident.
* * * LOW HITPOINT WARNING * * *
The orc hits you with a +0 trident.
* * * LOW HITPOINT WARNING * * *
Okay, then.
Okay, then.
Okay, then.
Okay, then.
As you read the scroll of silence, it crumbles to dust.
A profound silence engulfs you. The orc barely misses you.
You block the orc's attack. You block the orc priest's attack.
The orc hits you with a +0 trident.
You die...
Beogh appreciates the orc's killing of a heretic priest.

.# #.######.##.# .# ##.#
#....## ## .#########..#
##....###... ..#.P......##
##.#.#... #...P.P##.##
#.#... #...♣.♣P#.# ##.#.#.#
##.P♣P♣...# #....# #
#..♣P.#..# ######...##...
#.P..###.####.o@.o÷>...#.
#.###..........oo.........#
##.###.......#...o.....>##.#
#...##.......#..............
#...##..................##.
#...###.#....##†#.##.#### .
..........#####.........#
.P..#.##### ###....##.
♣PP....## ###..### #


You could see an orc priest and 4 orcs.

Vanquished Creatures
  4 adders (D:3)
  A worm (D:2)
  2 dart slugs
  An orc (D:3)
  6 endoplasms
  3 giant cockroaches
  7 goblins
  4 hobgoblins
  2 jackals (D:2)
  5 kobolds
  3 quokkas
  8 ball pythons
  5 bats
  4 frilled lizards
  2 rats (D:2)
  A spectral hobgoblin (D:2)
58 creatures vanquished.

Notes
Turn   | Place    | Note
-------+----------+-------------------------------------------
     0 | D:1      | NateTC the Hill Orc Fighter began the quest for the Orb.
     0 | D:1      | Reached XP level 1. HP: 19/19 MP: 1/1
    97 | D:1      | Reached skill level 3 in Axes
   215 | D:1      | Reached XP level 2. HP: 26/27 MP: 2/2
   647 | D:1      | Reached skill level 4 in Axes
   897 | D:1      | Reached XP level 3. HP: 29/33 MP: 3/3
  1061 | D:2      | Found Yllukh's Book Emporium.
  1180 | D:2      | Found a faded altar of an unknown god.
  1200 | D:2      | Prayed at the altar of an unknown god.
  1200 | D:2      | Became a worshipper of Beogh the Brigand
  1200 | D:2      | Reached * piety under Beogh
  1713 | D:2      | Reached XP level 4. HP: 38/40 MP: 4/4
  1887 | D:3      | Reached skill level 5 in Axes
  1901 | D:3      | Reached skill level 1 in Invocations
  2142 | D:3      | Slain by an orc

Illustrated notes

Levels and vault maps discovered:
D:1:      lightli_arrival_boilingwater, layout_loops_corners, amethyst_killhole,
          serial_bayou_lake_a
D:2:      layout_loops_ring, dreamdust_ecumenical_altar_drowned_temple,
          serial_shops, nicolae_shop_just_a_little_nook, serial_forest,
          infiniplex_forest_straight_2, infiniplex_forest_clump_curved,
          infiniplex_forest_clump_C, infiniplex_forest_straight_4,
          infiniplex_forest_lined_4_way, infiniplex_forest_pool,
          infiniplex_forest_fountain, chequers_avenue
D:3:      layout_rooms, serial_forest, infiniplex_forest_end_1,
          infiniplex_forest_clump_double, infiniplex_forest_lined_room_2,
          infiniplex_forest_clump_C, infiniplex_forest_clump_small,
          infiniplex_forest_lined_3_way, nicolae_shop_vocational

Skill      XL: |  1  2  3  4 |
---------------+-------------+-----
Axes           | 3 4 5 |  5.5
Fighting       | 4 |  4.3
Invocations    | 1 |  1.6
Armour         | |  3.2
Shields        | |  3.2

Action                     |  1- 3 |  4- 6 || total
---------------------------+-------+-------++-------
  Melee: War axe           |   131 |    30 ||   161
    Use: Scroll            |     4 |     1 ||     5
 Armour: Chain mail        |    77 |    11 ||    88
         Scale mail        |       |     3 ||     3
  Dodge: Dodged            |    44 |     9 ||    53
  Block: Buckler           |    16 |     9 ||    25
